Map: [ESL] Stargazers

Players

ShaDoWn - Winner!

  • Race: Protoss Protoss
  • Spawn Location: 1:00

Kelazhur

  • Race: Terran Terran
  • Spawn Location: 11:00

Event: DreamHack SC2 Masters 2022 Valencia

VOD

Have the link to the VOD?

Description

Time

  • Played on: July 1, 2022, 1:44 p.m.
  • Length: 18:23

All games in this series

Show
View Real Time Build Order
Export as new Build Order

ShaDoWn Protoss - Winner!

Build Orders: 1 Gate Expand, Blink Stalkers 

Get SALT Encoding   

  12  0:00  Probe  
  13  0:12  Probe  
  14  0:17  Pylon  
  14  0:24  Probe (Chrono Boost)  
  15  0:36  Probe (Chrono Boost)  
  15  0:38  Gateway  
  16  0:45  Probe (Chrono Boost)  
  16  0:49  Assimilator  
  17  0:51  Probe  
  19  1:04  Probe  
  19  1:16  Probe  
  20  1:26  Nexus  
  20  1:34  Cybernetics Core  
  20  1:37  Probe  
  21  1:43  Assimilator  
  21  1:49  Probe  
  22  1:57  Pylon  
  22  2:01  Probe  
  23  2:12  Stalker (Chrono Boost)  
  23  2:13  Warp Gate, Probe  
  25  2:26  Probe  
  26  2:34  Twilight Council  
  25  2:38  Probe (Chrono Boost)  
  25  2:39  Probe (Chrono Boost)  
  27  2:49  Probe (Chrono Boost)  
  27  2:50  Probe (Chrono Boost)  
  29  2:54  Probe (Chrono Boost)  
  29  2:55  Probe (Chrono Boost)  
  30  3:02  Stalker  
  30  3:05  Probe x2 (Chrono Boost), Blink (Chrono Boost)  
  34  3:17  Probe (Chrono Boost)  
  36  3:22  Probe (Chrono Boost)  
  36  3:24  Probe (Chrono Boost)  
  37  3:27  Gateway  
  37  3:29  Gateway  
  37  3:31  Probe  
  37  3:34  Probe  
  39  3:43  Probe  
  39  3:46  Probe  
  39  3:47  Pylon  
  41  3:55  Probe  
  42  3:58  Probe  
  42  4:01  Pylon  
  43  4:06  Stalker  
  43  4:07  Probe  
  46  4:10  Probe  
  46  4:16  Nexus  
  47  4:20  Pylon  
  47  4:21  Probe  
  48  4:24  Stalker  
  48  4:25  Stalker  
  48  4:29  Probe  
  53  4:31  Pylon  
  53  4:36  Stalker  
  53  4:37  Probe  
  57  4:46  Assimilator  
  57  4:47  Assimilator  
  57  4:49  Probe  
  57  4:50  Stalker x2  
  61  4:57  Probe  
  60  5:03  Stalker  
  60  5:04  Probe  
  60  5:06  Robotics Facility  
  61  5:13  Stalker x2  
  65  5:15  Probe  
  65  5:16  Probe  
  67  5:22  Forge  
  67  5:27  Probe  
  68  5:29  Probe  
  68  5:30  Probe  
  70  5:39  Probe (Chrono Boost)  
  70  5:40  Stalker x3  
  70  5:41  Pylon  
  70  5:42  Probe x2 (Chrono Boost)  
  79  5:46  Charge  
  80  5:50  Probe (Chrono Boost)  
  80  5:51  Probe (Chrono Boost)  
  80  5:52  Probe (Chrono Boost)  
  80  5:55  Probe (Chrono Boost)  
  80  5:56  Probe (Chrono Boost)  
  83  6:01  Probe  
  83  6:03  Protoss Ground Weapons Level 1 (Chrono Boost)  
  81  6:05  Probe  
  81  6:07  Observer  
  81  6:10  Gateway  
  83  6:11  Gateway  
  83  6:13  Gateway  
  83  6:20  Gateway  
  83  6:26  Nexus  
  83  6:28  Pylon  
  83  6:29  Observer  
  83  6:30  Probe x2  
  83  6:31  Probe  
  87  6:36  Gateway  
  87  6:38  Gateway  
  87  6:42  Probe  
  87  6:44  Probe  
  87  6:47  Sentry  
  91  6:48  Probe  
  91  6:50  Observer  
  91  6:52  Observer  
  93  6:55  Probe  
  93  6:56  Probe  
  93  6:57  Nexus  
  93  6:59  Pylon  
  93  7:00  Forge  
  95  7:02  Probe  
  95  7:07  Probe  
  97  7:08  Assimilator x2  
  97  7:13  Probe  
  98  7:19  Zealot x7  
  112  7:24  Probe  
  112  7:28  Probe  
  112  7:29  Warp Prism (Chrono Boost)  
  116  7:35  Robotics Bay  
  116  7:37  Probe  
  117  7:38  Probe  
  117  7:40  Probe, Protoss Ground Armor Level 1 (Chrono Boost)  
  119  7:44  Zealot x2  
  119  7:46  Probe  
  124  7:52  Probe  
  124  7:53  Zealot x3  
  124  7:54  Pylon  
  124  7:57  Probe  
  131  8:00  Probe  
  132  8:07  Observer (Chrono Boost)  
  132  8:10  Probe  
  132  8:11  Pylon  
  132  8:12  Pylon, Probe  
  135  8:16  Probe  
  128  8:21  Probe  
  128  8:22  Stalker x4  
  128  8:23  Colossus (Chrono Boost), Zealot x5  
  149  8:30  Protoss Ground Weapons Level 2 (Chrono Boost)  
  149  8:31  Probe  
  150  8:37  Gateway x2  
  150  8:40  Templar Archives  
  150  8:46  Stalker x5  
  160  8:57  Robotics Facility  
  160  9:01  Stalker x2  
  164  9:05  Colossus (Chrono Boost)  
  164  9:06  Pylon x2  
  164  9:09  Pylon  
  168  9:10  Pylon  
  168  9:15  Pylon  
  168  9:21  Pylon  
  168  9:28  Probe, Gateway  
  168  9:29  High Templar  
  168  9:30  High Templar, Zealot x6  
  177  9:34  Archon  
  177  9:36  Pylon  
  169  9:38  Colossus (Chrono Boost)  
  169  9:40  Observer  
  169  9:42  Pylon  
  149  9:49  Zealot x2  
  149  9:50  Probe, Protoss Ground Armor Level 2 (Chrono Boost)  
  149  9:51  Zealot x5  
  156  9:54  Colossus (Chrono Boost)  
  160  10:01  Probe  
  160  10:06  Assimilator  
  157  10:07  Assimilator  
  157  10:12  Photon Cannon x2, Extended Thermal Lance  
  156  10:23  Nexus  
  150  10:29  Observer (Chrono Boost)  
  150  10:30  Assimilator  
  150  10:32  Disruptor (Chrono Boost), Assimilator  
  149  10:37  Dark Shrine  
  149  10:42  Colossus (Chrono Boost)  
  147  10:46  Stalker, Zealot x8  
  147  10:47  Zealot x2  
  170  10:51  Pylon  
  170  10:53  Pylon  
  170  10:55  Pylon  
  170  10:57  Disruptor (Chrono Boost)  
  170  10:59  Gateway x2  
  171  11:11  Zealot  
  173  11:12  Zealot x3  
  173  11:13  Zealot x7  
  193  11:21  Nexus  
  193  11:23  Pylon  
  188  11:26  Disruptor x2 (Chrono Boost)  
  165  11:38  High Templar x4  
  167  11:40  High Templar x2  
  167  11:41  Shadow Stride, High Templar, Protoss Ground Weapons Level 3 (Chrono Boost)  
  167  11:42  Zealot x4  
  175  11:48  Archon x2, Shield Battery  
  175  11:50  Photon Cannon  
  175  11:51  Photon Cannon  
  175  11:56  Zealot x2  
  179  12:07  Stalker, Zealot  
  179  12:08  Zealot x2  
  187  12:13  Dark Templar  
  187  12:15  Photon Cannon  
  185  12:16  Dark Templar x2  
  185  12:20  Zealot x6  
  191  12:32  Disruptor x2  
  191  12:35  Zealot x4  
  183  12:45  Stalker, Protoss Shields Level 1  
  183  12:48  Stalker x2, Zealot  
  183  12:49  Zealot x5  
  184  13:09  Observer (Chrono Boost)  
  184  13:10  Warp Prism (Chrono Boost)  
  184  13:12  Stalker x6  
  191  13:13  Zealot x3  
  199  13:21  Pylon  
  199  13:25  Probe  
  194  13:31  Disruptor (Chrono Boost)  
  194  13:34  Zealot x7  
  186  13:37  Disruptor (Chrono Boost)  
  190  13:43  Zealot x6  
  169  13:57  Colossus (Chrono Boost)  
  169  13:59  High Templar x2, Zealot x5  
  185  14:03  Archon  
  185  14:05  Colossus (Chrono Boost)  
  185  14:07  Zealot x3  
  185  14:08  Zealot  
  199  14:14  Dark Templar x2  
  199  14:20  Zealot x5  
  199  14:23  Zealot x4  
  180  14:29  Probe  
  154  14:32  Zealot x6  
  154  14:34  Probe  
  154  14:39  Pylon, Colossus (Chrono Boost)  
  154  14:44  Colossus (Chrono Boost)  
  166  14:52  Dark Templar x2  
  166  14:53  Dark Templar x3  
  166  14:57  Zealot x4  
  166  14:59  Protoss Shields Level 2 (Chrono Boost)  
  170  15:19  Disruptor (Chrono Boost)  
  173  15:23  Observer (Chrono Boost)  
  166  15:37  Stalker x3, Zealot x4  
  166  15:38  Zealot x6  
  166  15:41  Warp Prism (Chrono Boost)  
  194  16:03  Probe  
  175  16:05  Stalker x3, Zealot x7  
  175  16:06  Zealot x3  
  175  16:07  Probe  
  175  16:11  Disruptor (Chrono Boost)  
  183  16:19  Disruptor (Chrono Boost)  
  173  16:33  Stalker x3, Zealot x5  
  173  16:34  Zealot x4  
  193  16:44  Disruptor  
  182  16:53  Zealot x5  
  186  16:58  Zealot x7  
  177  17:16  Zealot x5  
  177  17:17  Zealot  
  177  17:21  Zealot x5  
  169  17:36  Zealot x3  
  169  17:37  Zealot x5  
  173  17:45  Dark Templar x4  
  165  18:01  Zealot x8  
Show
View Real Time Build Order
Export as new Build Order

Kelazhur Terran 

Build Orders: Reaper Expand 

Get SALT Encoding   

  12  0:00  SCV  
  13  0:12  SCV  
  14  0:17  Supply Depot  
  14  0:24  SCV  
  15  0:38  SCV  
  15  0:39  Barracks  
  16  0:44  Refinery  
  16  0:50  SCV  
  17  1:03  SCV  
  18  1:15  SCV  
  19  1:26  Reaper  
  19  1:27  Orbital Command  
  20  1:41  Command Center  
  20  1:53  SCV  
  21  1:57  Barracks  
  21  1:59  Barracks Reactor  
  21  2:05  SCV  
  21  2:08  Supply Depot  
  22  2:18  SCV  
  22  2:22  Factory  
  23  2:25  Refinery  
  23  2:30  SCV  
  24  2:38  Marine  
  24  2:39  Marine  
  24  2:42  SCV  
  27  2:44  Barracks Tech Lab  
  27  2:54  SCV  
  27  2:57  Marine x2  
  27  2:58  Orbital Command  
  30  3:03  Stimpack  
  30  3:06  SCV  
  30  3:07  Marine  
  30  3:09  Orbital Command  
  30  3:12  Widow Mine  
  34  3:15  Marine  
  34  3:19  SCV  
  36  3:24  Marine  
  36  3:26  Starport  
  37  3:29  Marine  
  37  3:31  SCV  
  37  3:33  Factory Reactor  
  39  3:36  SCV  
  39  3:41  Marine  
  39  3:42  Marine  
  39  3:46  SCV  
  39  3:47  Marine  
  43  3:48  SCV  
  43  3:50  Supply Depot  
  44  3:58  SCV  
  44  3:59  Marine  
  46  4:03  Supply Depot  
  46  4:12  SCV x2, Marine x2  
  46  4:13  Medivac x2  
  46  4:15  Factory Tech Lab  
  54  4:21  Supply Depot  
  54  4:24  SCV x2, Marine  
  54  4:31  Engineering Bay, Supply Depot  
  57  4:32  Marine x2  
  57  4:37  SCV x2  
  61  4:43  Siege Tank  
  64  4:48  Barracks  
  64  4:49  SCV  
  64  4:51  Marine  
  66  4:54  Supply Depot  
  66  4:58  SCV  
  56  5:01  SCV  
  56  5:03  Marine x2  
  58  5:10  SCV  
  58  5:13  SCV, Marine  
  61  5:15  Siege Tank  
  61  5:17  Refinery  
  61  5:20  Marine x2  
  66  5:22  SCV  
  66  5:25  SCV, Terran Infantry Weapons Level 1  
  66  5:27  Refinery  
  68  5:34  SCV  
  67  5:37  SCV  
  67  5:40  Marine x4  
  67  5:41  Combat Shield  
  70  5:46  SCV  
  70  5:49  SCV  
  72  5:51  Command Center  
  70  5:58  SCV  
  70  6:01  SCV  
  70  6:03  Marine x5  
  74  6:10  SCV, Starport Reactor  
  75  6:13  SCV  
  76  6:20  Marine  
  76  6:21  Factory Reactor, Marine x3  
  76  6:22  SCV, Marauder  
  76  6:24  Supply Depot  
  83  6:25  SCV  
  84  6:33  Barracks  
  84  6:35  Barracks  
  84  6:40  SCV x2  
  84  6:45  Marine x4  
  84  6:46  Supply Depot  
  90  6:48  Medivac, Supply Depot  
  90  6:49  Medivac  
  94  7:02  Concussive Shells  
  94  7:03  SCV x2, Supply Depot, Marauder, Widow Mine  
  100  7:15  SCV x2, Marine x3  
  105  7:19  Marine  
  104  7:24  Barracks Tech Lab, Marauder  
  104  7:26  Terran Infantry Armor Level 1  
  104  7:27  Orbital Command, SCV  
  107  7:32  Armory, Marauder  
  107  7:33  SCV  
  107  7:34  Marine x2  
  107  7:37  Marine x2  
  112  7:40  Widow Mine  
  112  7:41  Widow Mine  
  118  7:45  SCV x2  
  118  7:49  Medivac x2  
  124  7:55  Marauder  
  124  7:56  Marauder x2  
  130  8:00  Marine x2  
  130  8:01  Bunker  
  130  8:03  Supply Depot  
  130  8:04  Supply Depot x2  
  132  8:08  SCV  
  132  8:10  Refinery  
  132  8:11  Refinery  
  133  8:16  SCV x2  
  130  8:22  Marine  
  130  8:23  Marauder  
  130  8:25  Marauder  
  130  8:26  Supply Depot, Missile Turret, Marine  
  130  8:27  Marine, Marauder  
  143  8:34  SCV x2, Widow Mine x2  
  143  8:37  Marine  
  143  8:38  Engineering Bay  
  143  8:40  SCV, Supply Depot  
  147  8:41  Marine  
  147  8:44  Marauder  
  147  8:46  Marauder  
  152  8:48  Marine  
  152  8:49  Marauder  
  155  8:57  Marine x2, Command Center  
  157  9:04  Supply Depot  
  157  9:09  Marine x2, Marauder  
  163  9:10  Marauder  
  163  9:17  Marine  
  163  9:18  Marauder  
  163  9:20  Medivac x2  
  163  9:22  Widow Mine x2  
  171  9:25  SCV x2  
  171  9:26  SCV  
  171  9:28  Marine x2  
  171  9:29  Terran Infantry Weapons Level 2  
  170  9:37  SCV  
  166  9:40  Marauder  
  152  9:47  Marauder  
  152  9:50  Marine x3, Widow Mine x2  
  152  9:51  SCV, Marauder  
  152  9:52  Medivac x2  
  161  9:54  Terran Infantry Armor Level 2  
  161  9:57  Marine  
  160  10:03  Supply Depot  
  160  10:05  Ghost Academy  
  160  10:07  SCV x2  
  160  10:08  SCV  
  163  10:18  Marine x2, Marauder x2  
  163  10:19  SCV  
  163  10:20  SCV  
  163  10:21  Marauder  
  171  10:22  Missile Turret  
  171  10:23  Viking  
  171  10:34  Marine x2  
  171  10:35  Marine  
  171  10:36  Medivac  
  171  10:39  Marauder  
  171  10:41  Starport  
  171  10:42  Factory Reactor  
  176  10:43  Planetary Fortress  
  176  10:44  Marine  
  176  10:45  Marauder  
  179  10:50  Ghost  
  179  10:54  Marine x3  
  179  10:56  Viking  
  186  10:57  SCV  
  186  10:58  SCV  
  186  11:00  Ghost  
  186  11:12  Viking  
  186  11:13  Ghost, Marine x2  
  186  11:14  Marine x2  
  186  11:18  Ghost  
  192  11:30  Marauder  
  192  11:32  Viking x3  
  187  11:38  Marine x2  
  187  11:42  Enhanced Shockwaves, Marauder  
  187  11:44  Terran Ship Weapons Level 1  
  187  11:45  Marine  
  190  11:47  Marauder  
  190  11:50  Barracks, Command Center  
  190  11:51  Barracks x2  
  190  11:53  Ghost  
  194  11:55  Viking  
  196  12:03  Ghost  
  194  12:09  Marauder  
  194  12:11  Viking x2  
  200  12:17  Terran Infantry Weapons Level 3  
  196  12:38  Marine, Marauder  
  196  12:39  SCV x2  
  190  12:48  Marine x3, Marauder x2  
  190  12:50  Barracks Tech Lab, Barracks Reactor  
  190  12:51  Barracks Tech Lab  
  191  12:54  Medivac x4  
  197  13:00  Marine, Marauder  
  197  13:12  Marine x2, Marauder  
  200  13:15  Missile Turret  
  194  13:30  Marine  
  194  13:31  Marauder  
  194  13:33  Marine, Marauder  
  200  13:34  Planetary Fortress  
  198  13:42  Widow Mine  
  198  13:43  Widow Mine  
  199  13:51  Marauder  
  194  13:56  Command Center  
  194  13:57  Terran Infantry Armor Level 3  
  194  14:04  Widow Mine x2, Command Center  
  194  14:06  Marauder  
  195  14:18  Fusion Core  
  191  14:24  Marine x5, Marauder x2  
  191  14:31  Marine x2, Marauder x2  
  175  14:36  Widow Mine x2  
  163  14:42  Marine x5  
  163  14:43  Liberator x4  
  163  14:45  Marine  
  172  14:46  Marauder  
  172  14:49  Marine, Marauder  
  181  14:53  Marauder x2  
  181  14:58  Widow Mine x2  
  185  15:02  Ghost  
  185  15:06  Ghost, Marine x6  
  190  15:07  Advanced Ballistics  
  190  15:09  Personal Cloaking  
  190  15:10  Ghost  
  190  15:11  Terran Ship Weapons Level 2  
  190  15:13  Marine x2  
  197  15:19  Sensor Tower  
  197  15:20  Orbital Command  
  197  15:23  Marine  
  197  15:24  Marine  
  197  15:26  Missile Turret  
  195  15:31  Ghost  
  195  15:33  Marauder  
  194  15:36  Planetary Fortress  
  194  15:38  Liberator  
  197  15:49  Hi-Sec Auto Tracking  
  197  15:50  Command Center  
  174  16:05  Marine, Marauder x2, Widow Mine  
  174  16:06  Marine, Marauder x2, Widow Mine  
  174  16:08  Viking x2  
  161  16:12  Marauder  
  161  16:14  Marine  
  160  16:20  Viking, Marine  
  160  16:21  Marine x2  
  160  16:23  Marine x2  
  166  16:26  Marauder x2  
  166  16:27  Marauder  
  172  16:40  Marauder  
  172  16:44  Viking  
  153  16:47  Marauder  
  153  16:48  Marauder  
  153  16:49  Orbital Command  
  153  16:53  Marine x3, Marauder  
  153  16:54  Viking, Marine x3, Marauder  
  157  16:55  Viking  
  146  17:01  Marine  
  146  17:02  Viking  
  149  17:08  Marauder  
  149  17:09  Marauder  
  149  17:14  Marauder  
  153  17:15  Refinery  
  153  17:16  Refinery  
  153  17:21  Marine x3, Widow Mine x2  
  153  17:22  Marine x5  
  134  17:37  Marauder  
  125  17:39  Marine x4, Marauder  
  125  17:40  Marine x4, Marauder  
  137  17:47  SCV x2  
  139  17:57  Marine  
  139  17:58  Marauder x2  
  142  18:01  Marauder  

Tags
 
Add a new tag
Caveats
  • Supply blocks, unpowered buildings, or Contaminate may cause inaccurate times.
  • Supply counts are checked every 10 seconds.